 Dungeon Crawl Stone Soup version 0.29-a0-344-ge2f44be95a (webtiles) character file.

Game seed: 12705491866140176831

424 spaghetti the Sneak (level 7, -1/52 HPs)
             Began as a Formicid Fighter on Apr 22, 2022.
             Was a Follower of Uskayaw.
             Slain by Pikel
             ... wielding a +1 whip of electrocution
              (8 damage)
             ... on level 4 of the Dungeon.
             The game lasted 00:05:51 (4023 turns).

spaghetti the Sneak (Formicid Fighter)              Turns: 4023, Time: 00:05:51

Health: -1/52      AC: 10    Str: 20    XL:     7   Next: 17%
Magic:  10/10      EV:  9    Int:  8    God:    Uskayaw [*.....]
Gold:   196        SH:  4    Dex: 12    Spells: 6/6 levels left

rFire   + . .      SeeInvis +   a - +0 quarterstaff {staff}
rCold   . . .      Faith    .   c - +0 buckler
rNeg    . . .      Spirit   .   b - +0 scale mail
rPois   .          Reflect  .   (helmet unavailable)
rElec   .          Harm     .   q - +0 cloak
rCorr   .          Rampage  .   p - +0 pair of gloves
Will    .....                   o - +0 pair of boots
Stlth   ++........              (no amulet)
HPRegen 0.17/turn               (no ring)
MPRegen 0.12/turn               (no ring)

@: no status effects
A: permanent stasis, dig shafts and tunnels, antennae 3, four strong arms, agile
1, fire resistance 1, weak 1
a: Dig, Shaft Self, Renounce Religion, Stomp


You were on level 4 of the Dungeon.
You worshipped Uskayaw.
Uskayaw was noncommittal.
You visited 1 branch of the dungeon, and saw 4 of its levels.

You collected 196 gold pieces.


Innate Abilities, Weirdness & Mutations

You cannot be hasted, slowed, berserked, paralysed or teleported.
You can dig through walls and to a lower floor.
You have a pair of large antennae on your head. (SInv)
Your four strong arms can wield two-handed weapons with a shield.
You are agile. (Dex +2)
Your flesh is heat resistant. (rF+)
You are weak. (Str -2)


   Skills:
 - Level 3.2 Fighting
 + Level 4.1 Staves
 - Level 3.2 Armour
 * Level 5.4 Stealth
 - Level 3.6 Shields
 * Level 4.5 Invocations


You had 6 spell levels left.
You didn't know any spells.
Your spell library contained the following spells:

 Spells                   Type           Power      Damage    Failure   Level
 Foxfire                  Conj/Fire      0%         2x1d4     83%         1
 Conjure Flame            Conj/Fire      0%         6-21      99%         3
 Ignite Poison            Fire/Tmut/Pois 0%         N/A       99%         3
 Inner Flame              Hex/Fire       0%         N/A       99%         3
 Flame Wave               Conj/Fire      0%         2d4       100%        4
 Sticky Flame             Conj/Fire      0%         2d3       100%        4

Inventory:

Hand Weapons
 a - a +0 quarterstaff (weapon) {staff}
Missiles
 h - 102 stones (quivered) {throwing}
Armour
 b - a +0 scale mail (worn)
 c - a +0 buckler (worn)
 o - a +0 pair of boots (worn)
   (You found it on level 2 of the Dungeon)
 p - a +0 pair of gloves (worn)
   (You found it on level 2 of the Dungeon)
 q - a +0 cloak (worn)
   (You found it on level 3 of the Dungeon)
Jewellery
 f - a +4 ring of protection
   (You found it on level 1 of the Dungeon)
 i - a ring of poison resistance
   (You found it on level 1 of the Dungeon)
 s - a ring of fire
   (You found it on level 4 of the Dungeon)
Scrolls
 d - a scroll of enchant weapon
 e - 3 scrolls of noise {!r}
 g - 2 scrolls of identify {@r1}
 j - a scroll of vulnerability {!r!r}
 r - a scroll of amnesia
 t - a scroll of torment {!r}
Potions
 k - 3 potions of brilliance
 n - 2 potions of mutation {!q}

Dungeon Overview and Level Annotations

Branches:
Dungeon (4/15)             Temple (0/1) D:4

Altars:
Uskayaw
Xom

Annotations:
D:4 Pikel

.######....# #(#≈.≈#.≈.#..#)#
.##........# #.##.##..≈≈≈##.#
.##.###....# #>###.≈#.#≈##..#
.##.###.########.####≈##≈###.##
......†.###.....).#### ## #.#
......####.#.#......# #.#
.##.#.###.##......#.# #.#
<##..........#.#K5#.########.#
.####.###.#....#@5...........#
......# ##.....5..#.##########
####### ##.........#
###########


You could see Pikel and 3 lemures.


Message History

You take 1 damage, and now have 49/52 hp.
You are too injured to fight recklessly!
You are too injured to fight recklessly!
You are too injured to fight recklessly!
You are too injured to fight recklessly!
You are too injured to fight recklessly!
You are too injured to fight recklessly!
You are too injured to fight recklessly!
You are too injured to fight recklessly!
You are too injured to fight recklessly!
You are too injured to fight recklessly!
You are too injured to fight recklessly!
You are too injured to fight recklessly!
You are too injured to fight recklessly!
You are too injured to fight recklessly!
You are too injured to fight recklessly!
You are too injured to fight recklessly!
You are too injured to fight recklessly!
You are too injured to fight recklessly!
You are too injured to fight recklessly!
You are too injured to fight recklessly!
You are too injured to fight recklessly!
You are too injured to fight recklessly!
You are too injured to fight recklessly!
You are too injured to fight recklessly!
You are too injured to fight recklessly!
You are too injured to fight recklessly!
You are too injured to fight recklessly!
You are too injured to fight recklessly!
You are too injured to fight recklessly!
You are too injured to fight recklessly!
You are too injured to fight recklessly!
You are too injured to fight recklessly!
You closely miss the lemure. The lemure hits you but does no damage.
You hit the lemure but do no damage. The lemure hits you. 😕 HP[-5]
You take 5 damage, and now have 44/52 hp.
The lemure shouts!
You sock the lemure! The lemure hits you.
Pikel says, "I just want to get paid!"
The lemure closely misses you.
You can now pass through a line of other dancers. 😕 HP[-1]
You take 1 damage, and now have 43/52 hp.
Unknown command.
Unknown command.
You hit the lemure but do no damage. The lemure hits you but does no damage.
Unknown command.
The lemure attacks as you move away! The lemure closely misses you.
You can no longer pass through a line of other dancers.
You hit the lemure. The lemure hits you.
You can now pass through a line of other dancers.
You barely miss the lemure. The lemure closely misses you.
You hit the lemure.
You kill the lemure!
That felt strangely unrewarding.
The lemure hits you. 😮 HP[-4]
You take 4 damage, and now have 39/52 hp.
You barely miss the lemure. You block the lemure's attack.
You barely miss the lemure. The lemure barely misses you.
You block the orc's attack.
You closely miss the orc. The orc hits you but does no damage.
You block the lemure's attack.
You barely miss the lemure. The lemure barely misses you.
The orc hits you with a +0 mace.
The orc hits you but does no damage. 😮 HP[-3]
You take 3 damage, and now have 36/52 hp.
You closely miss Pikel. The orc closely misses you.
You can no longer pass through a line of other dancers.
Unknown command.
Unknown command.
You sock the orc!
You kill the orc!
You block Pikel's attack. The lemure hits you. 😮 HP[-4]
You take 4 damage, and now have 32/52 hp.
You hit Pikel but do no damage.
Pikel hits you with a +1 whip of electrocution.
You are electrocuted!!
* * * LOW HITPOINT WARNING * * *
The lemure closely misses you. 😱 HP[-21]
You take 21 damage, and now have 11/52 hp.
MASSIVE DAMAGE!! (PAUSE)
Okay, then.
The lemure attacks as you move away! The lemure hits you.
* * * LOW HITPOINT WARNING * * *
The lemure attacks as you move away! The lemure closely misses you. 😱 HP[-5]
You take 5 damage, and now have 6/52 hp.
Okay, then.
The lemure attacks as you move away! The lemure barely misses you.
You closely miss the lemure. The lemure closely misses you.
You closely miss the lemure. You barely miss Pikel.
Okay, then.
Okay, then.
You thump Pikel!
Pikel hits you with a +1 whip of electrocution!
You die...

Skill      XL: |  1  2  3  4  5  6 |
---------------+-------------------+-----
Staves         | 3 4 |  4.1
Stealth        | 1 2 3 4 5 |  5.4
Invocations    | 1 3 4 |  4.5
Fighting       | |  3.2
Armour         | |  3.2
Shields        | |  3.6

Action                   |  1- 3 |  4- 6 |  7- 9 || total
-------------------------+-------+-------+-------++-------
Melee: Quarterstaff      |    68 |    71 |    27 ||   166
Throw: Stone             |    54 |    53 |     4 ||   111
Invok: Line Pass         |       |     4 |       ||     4
  Use: Potion            |       |     7 |       ||     7
       Scroll            |       |     5 |       ||     5
 Stab: Paralysed         |       |     1 |       ||     1
Armor: Scale mail        |    23 |    42 |     6 ||    71
Dodge: Dodged            |    23 |    30 |    14 ||    67
Block: Buckler           |     8 |    16 |     4 ||    28

Levels and vault maps discovered:
D:1:      giann_forest_graveyard, layout_rooms,
          hellmonk_ecumenical_altar_pennies_from_heaven
D:2:      minmay_diamond_boxcup, layout_basic, kennysheep_generic_room_16
D:3:      layout_basic, minmay_misc_feat_roman
D:4:      layout_loops_corners, tgw_xom, temple_fountains,
          kennysheep_opposing_triangles, uniq_pikel

Notes
Turn   | Place    | Note
-------+----------+-------------------------------------------
     0 | D:1      | spaghetti the Formicid Fighter began the quest for the Orb.
     0 | D:1      | Reached XP level 1. HP: 18/18 MP: 1/1
     0 | D:1      | magus.rc [v1.9.6]
   163 | D:1      | Reached XP level 2. HP: 24/24 MP: 2/2
   294 | D:1      | Found a faded altar of an unknown god.
   424 | D:1      | Prayed at the altar of an unknown god.
   424 | D:1      | Became a worshipper of Uskayaw the Reveller
   424 | D:1      | Reached * piety under Uskayaw
   622 | D:2      | Reached ** piety under Uskayaw
   623 | D:2      | Reached skill level 3 in Staves
   623 | D:2      | Reached skill level 1 in Stealth
   684 | D:2      | Reached XP level 3. HP: 29/29 MP: 3/3
  1463 | D:2      | Reached skill level 1 in Invocations
  1476 | D:2      | Reached skill level 2 in Stealth
  2010 | D:3      | Reached XP level 4. HP: 35/35 MP: 4/4
  2229 | D:3      | Reached skill level 2 in Invocations
  2353 | D:3      | You add the spells Conjure Flame, Ignite Poison and Sticky
                  | Flame to your library.
  2580 | D:4      | Noticed an ogre
  2588 | D:4      | HP: 2/35 [ogre/+0 giant spiked club (9)]
  2589 | D:4      | Killed an ogre
  2590 | D:4      | Reached skill level 3 in Stealth
  2590 | D:4      | Reached skill level 3 in Invocations
  2590 | D:4      | Reached XP level 5. HP: 3/41 MP: 1/7
  2888 | D:4      | Noticed a black bear
  2910 | D:4      | HP: 8/41 [black bear (7)]
  2910 | D:4      | Reached *** piety under Uskayaw
  2912 | D:4      | HP: 2/41 [gnoll/+0 spear (5)]
  2915 | D:4      | Reached skill level 4 in Stealth
  2915 | D:4      | Reached XP level 6. HP: 8/47 MP: 0/8
  2918 | D:4      | Gained mutation: You are weak. (Str -2) [potion of
                  | mutation]
  2918 | D:4      | Gained mutation: Your flesh is heat resistant. (rF+)
                  | [potion of mutation]
  2918 | D:4      | Gained mutation: You are agile. (Dex +2) [potion of
                  | mutation]
  2929 | D:4      | Killed a black bear
  2930 | D:4      | Reached skill level 4 in Invocations
  3181 | D:4      | Found a shimmering altar of Xom.
  3183 | D:4      | You pick up a book of Flames and begin reading...
  3183 | D:4      | You add the spells Foxfire, Inner Flame and Flame Wave to
                  | your library.
  3443 | D:4      | Found a staircase to the Ecumenical Temple.
  3480 | D:4      | Reached skill level 4 in Staves
  3480 | D:4      | Reached skill level 5 in Stealth
  3820 | D:4      | Reached XP level 7. HP: 52/52 MP: 5/10
  3990 | D:4      | Noticed Pikel
  4016 | D:4      | HP: 11/52 [Pikel/+1 whip of electrocution (19)]
  4018 | D:4      | HP: 5/52 [lemure[Pikel] (6)]
  4023 | D:4      | Slain by Pikel

Vanquished Creatures
  A black bear (D:4)
  An ogre (D:4)
  A lemure (D:4)
  A phantom (D:4)
  A hound (D:3)
  A jelly (D:4)
  4 gnolls (D:4)
  An adder (D:2)
  A worm (D:4)
  2 dart slugs (D:4)
  2 orcs (D:4)
  7 ball pythons
  12 endoplasms
  A giant cockroach (D:3)
  6 hobgoblins
  3 jackals (D:3)
  3 bats
  A frilled lizard (D:2)
  12 goblins
  3 kobolds
  2 rats (D:2)
66 creatures vanquished.

Table legend:
 A = Non-vault XP
 B = Vault XP
 C = Vault XP percentage of total XP
 D = Non-vault monster count
 E = Vault monster count
 F = Vault count percentage of total count
                 A         B        C        D         E       F
            +---------+---------+-------+---------+---------+-------
      Total |     447 |     159 |  26.2 |      50 |      15 |  23.1
            +---------+---------+-------+---------+---------+-------
        D:1 |      14 |       0 |   0.0 |       8 |       0 |   0.0
        D:2 |      29 |      14 |  32.6 |      10 |       9 |  47.4
        D:3 |      59 |       0 |   0.0 |      11 |       0 |   0.0
        D:4 |     345 |     145 |  29.6 |      21 |       6 |  22.2
            +---------+---------+-------+---------+---------+-------

Illustrated notes

Table legend:
 A = Kills in this place as a percentage of kills in entire the game.
 B = Kills by you in this place as a percentage of kills by you in the entire game.
 C = Kills by friends in this place as a percentage of kills by friends in the entire game.
 D = Other kills in this place as a percentage of other kills in the entire game.
 E = Experience gained in this place as a percentage of experience gained in the entire game.
 F = Experience gained in this place divided by the number of levels of this place that you have seen.
                   A       B       C       D       E      F
               +-------+-------+-------+-------+-------+----------------------
         Total | 100.0 | 100.0 |   N/A | 100.0 | 100.0 | 151.5
       Dungeon | 100.0 | 100.0 |   N/A | 100.0 | 100.0 | 151.5
               +-------+-------+-------+-------+-------+----------------------

Table legend: (Time is in decaauts)
 A = Elapsed time spent in this place.
 B = Non-inter-level travel time spent in this place.
 C = Inter-level travel time spent in this place.
 D = Time resting spent in this place.
 E = Time spent auto-exploring this place.
 F = Levels seen in this place.
 G = Mean time per level.
                   A        B        C        D        E       F      G
               +--------+--------+--------+--------+--------+-----+--------+
         Total |   4073 |   3927 |    146 |    125 |   3270 |   4 | 1018.2 |
       Dungeon |   4073 |   3927 |    146 |    125 |   3270 |   4 | 1018.2 |
               +--------+--------+--------+--------+--------+-----+--------+

Top non-repeatable levels by time:
     D:4: 1573 daAuts
     D:2: 1027 daAuts
     D:3: 950 daAuts
     D:1: 521 daAuts
